 Dungeon Crawl Stone Soup version 0.29.1-15-g9cfb28693d (webtiles) character file.

Game seed: 3963770953502518045

14 H0rd4k the Charlatan (level 2, -1/19 HPs)
             Began as an Octopode Artificer on Mar 27, 2023.
             Slain by a goblin
             ... wielding a +0 dagger
              (2 damage)
             ... on level 1 of the Dungeon.
             The game lasted 00:00:25 (711 turns).

H0rd4k the Charlatan (Octopode Artificer)            Turns: 711, Time: 00:00:26

Health: -1/19      AC:  1    Str: 11    XL:     2   Next: 45%
Magic:  3/3        EV: 13    Int: 13    God:
Gold:   21         SH:  0    Dex: 12    Spells: 3/3 levels left

rFire   . . .      SeeInvis .   (no weapon)
rCold   . . .      Faith    .   (no shield)
rNeg    . . .      Spirit   .   (helmet restricted)
rPois   .          Reflect  .   (no amulet)
rElec   .          Harm     .   (no ring)
rCorr   .          Rampage  .   (no ring)
Will    .....                   (no ring)
Stlth   +++.......              (no ring)
HPRegen 0.06/turn               (no ring)
MPRegen 0.08/turn               (no ring)
                                (no ring)
                                (no ring)

@: lethally poisoned (-1 -> -4)
A: almost no armour, amphibious, 8 rings, camouflage 1, gelatinous body 1,
(nimble swimmer 1), tentacles
a: no special abilities


You were on level 1 of the Dungeon.
You visited 1 branch of the dungeon, and saw 1 of its levels.

You collected 21 gold pieces.

Inventory:

Wands
 b - a wand of flame (14) (quivered)
 c - a wand of charming (13)
 d - a wand of iceblast (5)
Scrolls
 e - a scroll of teleportation {unknown}
Potions
 a - a potion of might {unknown}
 f - a potion of brilliance {unknown}


   Skills:
 * Level 1.7 Fighting
 - Level 2.3 Dodging
 - Level 1.3 Stealth
 + Level 0.2 Unarmed Combat
 * Level 1.2 Spellcasting
 - Level 3.2 Evocations


You had 3 spell levels left.
You didn't know any spells.
Your spell library was empty.

Dungeon Overview and Level Annotations

Branches:
Dungeon (1/15)

Altars:


Innate Abilities, Weirdness & Mutations

You cannot wear most types of armour.
You are amphibious.
You can wear up to eight rings at the same time.
Your skin changes colour to match your surroundings (Stealth+).
Your rubbery body absorbs attacks. (AC +1, EV +1)
((You are camouflaged when in or above water. (Stealth+)))
You have tentacles for arms and can constrict up to eight enemies at once.


Message History

The giant cockroach moves out of view.
Found a knobbly smoking staff.
The ball python barely misses you. The ball python closely misses you.
You barely miss the ball python. Your grab misses the ball python.
The ball python barely misses you. The ball python grabs you.
The ball python constricts you. The giant cockroach barely misses you.
You tentacle-slap the ball python. You grab the ball python.
The ball python is moderately wounded.
You constrict the ball python. The ball python barely misses you.
The ball python constricts you. The giant cockroach barely misses you.
There are monsters nearby!
You tentacle-slap the ball python.
You kill the ball python!
A jackal comes into view.
The giant cockroach closely misses you. The goblin closely misses you.
You barely miss the kobold. Your grab misses the kobold.
The giant cockroach waves its antennae.
The giant cockroach misses you.
The kobold hits you with a +2 dagger of venom.
You are poisoned.
The goblin barely misses you.
You barely miss the kobold. Your grab misses the kobold.
You feel sick. The giant cockroach closely misses you.
The kobold closely misses you. The goblin hits you with a +0 dagger.
There are monsters nearby!
You tentacle-slap the kobold. Your grab misses the kobold.
The kobold is moderately wounded.
You feel sick. The giant cockroach bites you.
The kobold hits you with a +2 dagger of venom.
* * * LOW HITPOINT WARNING * * *
The giant cockroach barely misses you. The goblin hits you with a +0 dagger.
* * * LOW HITPOINT WARNING * * *
Aiming: Charm
Press: ? - help, Shift-Dir - straight line, f - kobold
Aim: a kobold, wielding a +2 dagger of venom (moderately wounded, chance to affect: 73%)
The kobold is charmed.
* * * LOW HITPOINT WARNING * * *
You feel sick. The jackal barely misses your kobold.
The giant cockroach misses you. The goblin hits you with a +0 dagger.
You die...

### ######## #...
####......# #....
#.......#.#
#.....#.#####.#.#########
......h.#g#.#............
#.....#K@$..#..######....
#.....#.#B#.#.## #.###
#?!.....### #.# #.#
#.....#.. ..# #.#
######### #### #.# #.#
#############.###
#...#...#...#....
#.<...⌠.#.⌠.'.###


You could see a jackal, a giant cockroach, a goblin and a friendly kobold
(charmed).

Vanquished Creatures
  A ball python (D:1)
  2 bats (D:1)
  A hobgoblin (D:1)
  2 jackals (D:1)
  A kobold (D:1)
  A quokka (D:1)
  3 frilled lizards (D:1)
  2 rats (D:1)
13 creatures vanquished.

Vanquished Creatures (others)
  A jackal (D:1)
1 creature vanquished.

Grand Total: 14 creatures vanquished

Notes
Turn   | Place    | Note
-------+----------+-------------------------------------------
     0 | D:1      | H0rd4k the Octopode Artificer began the quest for the Orb.
     0 | D:1      | Reached XP level 1. HP: 13/13 MP: 1/1
   147 | D:1      | Reached XP level 2. HP: 3/18 MP: 1/3
   398 | D:1      | Reached skill level 1 in Spellcasting
   711 | D:1      | Slain by a goblin

Illustrated notes

Levels and vault maps discovered:
D:1:      minmay_arrival_nine_rooms, layout_basic, chequers_decorated_corner,
          minmay_split_cup_small

Skill      XL: |  1  2 |
---------------+-------+-----
Spellcasting   | 1 |  1.2
Fighting       | |  1.7
Dodging        | |  2.3
Stealth        | |  1.3
Unarmed Combat | |  0.2
Evocations     | |  3.2

Action                   || total
-------------------------++-------
Melee: Unarmed           ||    35
       Constrict         ||     9
       Tentacles         ||     5
       Punch             ||     1
Evoke: Wand              ||     3
 Stab: Sleeping          ||     1
Armor: Skin              ||     3
Dodge: Dodged            ||    40
